AoeStats
← Porters

Arabia

508817016Analyzed
1v1 RM · 6d ago on Sep 24, 2026· 48m 25s· 2 players
Game mode
Random Map
Map size
Tiny (2 player)
Population
200
Speed
Normal
Resources
Standard
Victory
Conquest
Starting age
Dark Age
Ending age
Imperial Age
RankedLock teamsTeams togetherTeam positionsShared explorationLock speedFull tech treeHidden civsTurbo modeCheats
Victory
Defeat
🇦🇺 Lithuanians · Australia
1299
+18
🇳🇿 Byzantines · New Zealand
1332
-18
Porters
7:00 Loom
9:15 Feudal Age
9:22 Man-at-Arms
10:14 Double-Bit Axe
10:28 Horse Collar
17:13 Scale Barding Armor
18:13 Bloodlines
22:38 Castle Age
21:57 Gold Mining
23:09 Light Cavalry
24:01 Forging
24:16 Bow Saw
25:46 Wheelbarrow
24:59 Town Watch
25:38 Heavy Plow
26:02 Pikeman
29:15 Hand Cart
32:14 Squires
33:40 Scale Mail Armor
33:32 Fletching
36:35 Imperial Age
34:57 Iron Casting
34:51 Treadmill Crane
36:48 Chain Barding Armor
36:38 Cavalier
36:48 Halberdier
38:54 Plate Barding Armor
38:23 Husbandry
39:15 Conscription
39:26 Chain Mail Armor
39:48 Bodkin Arrow
40:18 Tower Shields
41:45 Chemistry
41:34 Town Patrol
41:58 Paladin
43:21 Tower Shields
twitch.tv/kita18786
6:38 Loom
9:13 Feudal Age
9:52 Horse Collar
12:40 Double-Bit Axe
23:40 Castle Age
22:49 Gold Mining
24:34 Husbandry
24:57 Bow Saw
29:03 Wheelbarrow
36:14 Imperial Age
34:19 Scale Barding Armor
34:24 Forging
34:47 Fletching
36:17 Chain Barding Armor
37:25 Hand Cart
38:30 Chemistry
38:13 Heavy Camel Rider
39:45 Padded Archer Armor
39:49 Bodkin Arrow
43:55 Plate Barding Armor
45:36 Bracer
46:13 Iron Casting
Connection lost

Rejoining the realm…

Still unreachable

The connection could not be restored.

Session expired

The server has moved on; the page needs a fresh start.